 Dungeon Crawl Stone Soup version 0.26-a0-597-gb535b0901c (webtiles) character file.

Game seed: 13771727043217645950

181304 Lavandula the Deadly Accurate (level 17, -10/169 HPs)
             Began as an Ogre Hunter on Sept 9, 2020.
             Was the Champion of Ashenzari.
             Mangled by an emperor scorpion (16 damage)
             ... on level 4 of the Spider Nest.
             The game lasted 01:54:28 (31772 turns).

Lavandula the Deadly Accurate (Ogre Hunter)        Turns: 31772, Time: 01:54:30

Health: -10/169    AC: 17    Str: 18    XL:     17   Next: 94%
Magic:  30/30      EV: 11    Int: 13    God:    Ashenzari [******]
Gold:   694        SH:  5    Dex: 13    Spells: 3/34 levels left

rFire    . . .     SeeInvis +   m - +9 fustibalus (curse)
rCold    + . .     Faith    .   (no shield)
rNeg     + . .     Spirit   .   P - +4 swamp dragon scales (curse)
rPois    +         Reflect  +   (helmet restricted)
rElec    .         Harm     .   Q - +2 cloak
rCorr    .         Clarity  +   (gloves unavailable)
MR       ++...                  (boots unavailable)
Stlth    +.........             G - amulet of reflection (curse)
HPRegen  0.38/turn              t - ring "Noutavud" {rC+ AC+4} (curse)
MPRegen  0.22/turn              u - ring of the Princeling {rPois rN+ Slay+5} (curse)

@: studying Stealth
A: large, unfitting armour, deformed body, deterioration 1, magic resistance 1,
tough skin 1, weak 1, MP-powered wands
}: 1/15 runes: barnacled
a: Curse Item, Scrying, Transfer Knowledge, Renounce Religion


You were on level 4 of the Spider Nest.
You worshipped Ashenzari.
Ashenzari was exalted by your worship.
You visited 5 branches of the dungeon, and saw 28 of its levels.
You visited the Abyss 1 time.
You also visited: Gauntlet and Volcano.

You collected 3604 gold pieces.
You spent 2910 gold pieces at shops.

Inventory:

Hand Weapons
 m - a cursed +9 fustibalus (weapon)
Missiles
 b - 8 throwing nets
 f - 113 poisoned darts
 o - 5 curare-tipped darts
 y - 94 boomerangs
 F - 5 silver javelins (quivered)
 J - 9 large rocks
 K - 91 sling bullets
Armour
 P - cursed +4 swamp dragon scales (worn)
 Q - a +2 cloak (worn)
Jewellery
 i - a +6 ring of dexterity
 l - an uncursed ring of magical power
 t - the cursed ring "Noutavud" (left hand) {rC+ AC+4}
   (You bought it in a shop on level 2 of the Orcish Mines)

   [ring of protection]

   It affects your AC (+4).
   It protects you from cold.
   It has a curse placed upon it.
 u - the cursed ring of the Princeling (right hand) {rPois rN+ Slay+5}
   (You found it on level 5 of the Dungeon)

   [ring of positive energy]

   It affects your accuracy and damage with ranged weapons and melee attacks
   (+5).
   It protects you from poison.
   It protects you from negative energy.
   It has a curse placed upon it.
 G - a cursed amulet of reflection (around neck)
 O - an uncursed ring of resist corrosion
Wands
 e - a wand of enslavement (7)
 h - a wand of acid (3)
 p - a wand of digging (4)
 x - a wand of iceblast (26)
 B - a wand of random effects (97)
 C - a wand of flame (56)
 L - a wand of disintegration (64)
Scrolls
 a - 9 scrolls of fog
 c - 4 scrolls of identify
 g - 10 scrolls of amnesia
 j - 16 scrolls of teleportation
 q - 5 scrolls of blinking
 r - 8 scrolls of magic mapping
 N - 5 scrolls of immolation
 R - 4 scrolls of holy word
 S - a scroll of vulnerability
 Z - 3 scrolls of remove curse
Potions
 d - 2 potions of berserk rage
 k - 5 potions of degeneration
 n - 4 potions of ambrosia
 s - 2 potions of might
 v - 3 potions of resistance
 z - 5 potions of curing
 A - 4 potions of brilliance
 D - a potion of lignification
 E - 12 potions of stabbing
 H - 7 potions of haste
 I - 5 potions of flight
 V - 6 potions of mutation
 W - 3 potions of invisibility
 X - 4 potions of magic
 Y - a potion of cancellation
Books
 T - a manual of Stealth
Miscellaneous
 U - a lightning rod (1/4)


   Skills:
 - Level 10.9 Fighting
 - Level 16.3 Throwing
 - Level 6.4 Armour
 - Level 5.5 Dodging
 + Level 0.6 Stealth
 - Level 11.6 Unarmed Combat
 - Level 9.4 Spellcasting
 - Level 3.9(8.1) Conjurations
 - Level 14.2(18.2) Transmutations
 - Level 8.2(12.6) Earth Magic
 - Level 5.0(9.5) Evocations


You had 3 spell levels left.
You knew the following spells:

 Your Spells              Type           Power        Failure   Level
a - Statue Form           Tmut/Erth      #####....    5%          6
b - Irradiate             Conj/Tmut      #####.....   2%          5
c - Hydra Form            Tmut           ######....   1%          6
d - Dragon Form           Tmut           ######....   10%         7
e - Iron Shot             Conj/Erth      ####......   41%         6
g - Apportation           Tloc           #.....       16%         1

Your spell library contained the following spells:

 Spells                   Type           Power        Failure   Level
 Foxfire                  Conj/Fire      ###.         3%          1
 Conjure Flame            Conj/Fire      ###.....     10%         3
 Ensorcelled Hibernation  Hex/Ice        #.....       22%         2
 Inner Flame              Hex/Fire       #.......     41%         3
 Lesser Beckoning         Tloc           #.........   41%         3
 Portal Projectile        Hex/Tloc       #.....       41%         3
 Tukima's Dance           Hex            #.......     41%         3
 Alistair's Intoxication  Tmut/Pois      ####.....    12%         5
 Yara's Violent Unravell  Hex/Tmut       ####......   12%         5
 Iskenderun's Battlesphe  Conj           ####....     21%         5
 Bolt of Magma            Conj/Fire/Erth ###.......   28%         5
 Sticky Flame             Conj/Fire      ###.....     32%         4
 Fireball                 Conj/Fire      ###.......   65%         5
 Orb of Destruction       Conj           ####......   99%         7
 Invisibility             Hex            #.......     100%        6
 Haunt                    Necr/Summ      #.........   100%        7
 Spellforged Servitor     Conj/Summ      ###.......   100%        7
 Borgnjor's Revivificati  Necr           #.........   100%        8
 Chain Lightning          Conj/Air       ###.......   100%        8
 Infestation              Necr           #.........   100%        8
 Lehudib's Crystal Spear  Conj/Erth      ####......   100%        8
 Necromutation            Tmut/Necr      ####......   100%        8
 Absolute Zero            Ice            #.........   100%        9
 Death's Door             Necr           #.........   100%        9
 Fire Storm               Conj/Fire      ###.......   100%        9


Dungeon Overview and Level Annotations

Branches:
Dungeon (12/15)            Temple (0/1) D:6            Lair (6/6) D:9
 Shoals (4/4) Lair:4       Spider (4/4) Lair:3        Slime (0/5) Lair:6
    Orc (2/2) D:12            Elf (0/3) Orc:2       Volcano (visited)
Gauntlet (visited)

Altars:
Ashenzari
Dithmenos
Hepliaklqana
Kikubaaqudgha
Makhleb
Nemelex Xobeh
Okawaru
Qazlal
Trog
Wu Jian
Xom
Zin
Beogh
Jiyva

Shops:
D:6 !!   D:10 ?   Orc:2 =!*[   Shoals:2 ?

Annotations:
Lair:1 2 transporters, Utwiqean's ghost, journeyman DEIE


Innate Abilities, Weirdness & Mutations

You are too large for most types of armour.
You have tough skin. (AC +1)
Armour fits poorly on your strangely shaped body.
Your body sometimes deteriorates upon taking damage.
You are resistant to hostile enchantments. (MR+)
You are weak. (Str -2)
You expend magic power (3 MP) to strengthen your wands.


Message History

Okay, then.
As you read the scroll of fear, it crumbles to dust.
You assume a fearsome visage.
The emperor scorpion easily resists.
The jumping spider looks frightened!
The tarantella looks frightened!
The demonic crawler is unaffected.
The orb spider looks frightened!
The jumping spider leaps!
The emperor scorpion stings you but does no damage.
The emperor scorpion closely misses you.
You block the emperor scorpion's attack.
Okay, then.
Evoke which item? (* to show all) (? for menu, Esc to quit)
Okay, then.
Okay, then.
As you read the scroll of fear, it crumbles to dust.
You assume a fearsome visage.
The emperor scorpion resists with almost no effort.
The demonic crawler is unaffected.
Cornered, the tarantella turns to fight!
The emperor scorpion stings you!
You die...

,^^ , ,** ,,, , ,, ,
,, ,,, , , , ,, ,,,,
############ ^ , ^ ,
, #P........P# ≈ , ^,
,, #P........P# ^*^,
^ #P........P# , * ,
,^ ### #.........P#
*≈, , , * #@#
#.........P# , *,,
,≈,* #s# #P.........#
,,, , , * #s#
#..........#
#^.s.{#....^# #s#
#..........#
#^..s{#.....# #○#
#P.[......P#
#(..^.#^..^^# #(#
#P........P#
.^.(^...s..≈# #.#
#####†.#####
...(....{...####(####
###..#....
..s...^{.°.#.#†s#{.#
#...^).#..


You could see an emperor scorpion, a demonic crawler and a tarantella.

Vanquished Creatures
  Nikola (Spider:2)
  Arachne (Spider:2)
  Frances (D:12)
  An emperor scorpion (Spider:4)
  A ghost moth (Spider:1)
  3 entropy weavers
  2 spark wasps
  A minotaur (Gauntlet)
  Snorg (D:12)
  2 merfolk javelineers (Shoals:4)
  8 merfolk impalers
  A fire dragon (Lair:6)
  Harold (D:11)
  4 hydras
  Erica (D:8)
  A merfolk avatar (Shoals:1)
  2 alligator snapping turtles (Shoals:4)
  3 two-headed ogres
  3 merfolk aquamancers
  5 satyrs
  A centaur warrior (D:9)
  5 death yaks (Lair:5)
  5 orc high priests (Orc:2)
  A fire crab (Gauntlet)
  A swamp dragon (Lair:6)
  2 unseen horrors
  6 sea snakes (Shoals:4)
  2 orc sorcerers
  4 orc knights (Orc:2)
  2 cyclopes (Shoals:4)
  8 harpies
  5 ugly things
  6 fauns
  30 wolf spiders
  2 oklob plants (Lair:2)
  4 elephants (Lair:3)
  15 orb spiders
  5 manticores
  3 black mambas
  2 merfolk sirens
  A torpor snail (Lair:6)
  2 water nymphs
  A smoke demon (Volcano)
  A molten gargoyle (Volcano)
  A gargoyle (Volcano)
  Maggie (D:7)
  14 cane toads
  8 komodo dragons
  9 demonic crawlers
  3 rime drakes (Lair:6)
  24 merfolk
  A queen bee (Spider:4)
  4 trolls
  4 wind drakes
  3 meliai (Spider:4)
  37 jumping spiders
  5 hornets
  11 polar bears
  3 raiju (Lair:6)
  27 blink frogs
  10 snapping turtles
  5 dream sheep
  3 hippogriffs
  Sigmund (D:2)
  90 redbacks
  A shadow (D:11)
  A wraith (D:11)
  7 water elementals
  27 tarantellas
  2 wyverns (Lair:2)
  41 yaks
  5 basilisks
  A steam dragon (Lair:6)
  4 fire bats
  3 hogs (D:12)
  8 wargs
  A soldier ant (D:11)
  2 acid dragons
  13 water moccasins
  13 hell hounds
  6 porcupines
  2 swamp drakes (Lair:6)
  36 orc warriors
  2 sky beasts (D:5)
  A hornet zombie (D:8)
  An ice beast (D:12)
  12 black bears
  6 ogres
  3 phantoms
  An eye of draining (D:12)
  8 centaurs
  18 wolves
  11 crocodiles
  A big kobold (D:8)
  11 bullfrogs
  A gnoll sergeant (D:11)
  2 wyvern skeletons
  A scorpion (D:6)
  11 killer bees (Spider:4)
  9 wights (D:11)
  8 howler monkeys
  6 electric eels
  2 bullfrog zombies (D:12)
  3 lava snakes (Volcano)
  A quasit (D:11)
  30 orc priests
  3 centaur zombies
  3 jellies
  2 bullfrog skeletons
  2 hounds
  24 orc wizards
  6 iguanas
  6 worker ants
  A hound zombie (D:5)
  A hound skeleton (D:6)
  A worker ant zombie (D:11)
  19 gnolls
  9 adders
  A shadow imp (D:7)
  2 white imps
  5 ufetubi
  An ooze (D:1)
  A worm (D:3)
  4 dart slugs
  2 leopard geckos (D:1)
  73 orcs
  A ball python (D:2)
  5 giant cockroaches
  16 goblins
  11 hobgoblins
  6 kobolds
  3 quokkas
  5 bats
  4 frilled lizards
  A jackal zombie (D:5)
  4 rats
  A plant (Shoals:3)
966 creatures vanquished.

Vanquished Creatures (collateral kills)
  Kirke (D:12)
  An orc knight (Orc:2)
2 creatures vanquished.

Vanquished Creatures (others)
  A redback (Spider:2)
  A tarantella (Spider:2)
  A bullfrog (D:12)
  13 fungi
  201 plants
217 creatures vanquished.

Grand Total: 1185 creatures vanquished

Notes
Turn   | Place    | Note
-------+----------+-------------------------------------------
     0 | D:1      | Lavandula the Ogre Hunter began the quest for the Orb.
     0 | D:1      | Reached XP level 1. HP: 22/22 MP: 1/1
    65 | D:1      | Reached XP level 2. HP: 11/29 MP: 2/2
   560 | D:1      | Reached XP level 3. HP: 29/36 MP: 3/3
   799 | D:1      | Reached skill level 5 in Throwing
  1199 | D:2      | Noticed Sigmund
  1577 | D:2      | Killed Sigmund
  1577 | D:2      | Reached skill level 6 in Throwing
  1577 | D:2      | Reached XP level 4. HP: 8/44 MP: 4/4
  1577 | D:2      | Reached XP level 5. HP: 9/50 MP: 5/5
  1923 | D:2      | Reached skill level 7 in Throwing
  2281 | D:2      | Noticed a fire elemental
  2283 | D:2      | Found a stormy altar of Qazlal.
  2287 | D:2      | Noticed a water elemental
  2287 | D:2      | Noticed an air elemental
  2615 | D:3      | Reached XP level 6. HP: 59/59 MP: 6/6
  3605 | D:4      | Found a shimmering altar of Xom.
  3615 | D:4      | Found a shattered altar of Ashenzari.
  3615 | D:4      | Found a glowing silver altar of Zin.
  3615 | D:4      | Found a burning altar of Makhleb.
  3615 | D:4      | Found an ornate altar of the Wu Jian Council.
  3624 | D:4      | Found an iron altar of Okawaru.
  3626 | D:4      | Found a sparkling altar of Nemelex Xobeh.
  3629 | D:4      | Became a worshipper of Ashenzari the Shackled
  3731 | D:4      | Reached skill level 8 in Throwing
  3752 | D:4      | Reached XP level 7. HP: 46/66 MP: 7/7
  4412 | D:4      | Found a hazy altar of Hepliaklqana.
  4414 | D:4      | Found a shadowy altar of Dithmenos.
  4417 | D:4      | Noticed a shadow
  4465 | D:5      | Entered Level 5 of the Dungeon
  4496 | D:5      | Reached skill level 9 in Throwing
  4504 | D:5      | Identified the ring of the Princeling {rPois rN+ Slay+5}
  4781 | D:5      | Reached XP level 8. HP: 70/74 MP: 8/8
  4885 | D:5      | Reached skill level 10 in Throwing
  5845 | D:6      | Found an iron altar of Okawaru.
  6062 | D:6      | Found Zogga's Distillery.
  6070 | D:6      | Bought a potion of haste for 120 gold pieces
  6070 | D:6      | Bought a potion of heal wounds for 60 gold pieces
  6128 | D:6      | Reached * piety under Ashenzari
  6239 | D:6      | Reached skill level 5 in Dodging
  6338 | D:6      | Found a staircase to the Ecumenical Temple.
  6471 | D:6      | Reached XP level 9. HP: 81/81 MP: 9/9
  6501 | D:6      | Found Kychejo's Distillery.
  6507 | D:6      | Bought a potion of degeneration for 14 gold pieces
  6585 | D:6      | Reached skill level 1 in Evocations
  7240 | D:7      | Noticed Maggie
  7257 | D:7      | Killed Maggie
  7578 | D:8      | Reached skill level 5 in Evocations
  8064 | D:8      | Noticed Erica
  8069 | D:8      | Killed Erica
  8069 | D:8      | Reached XP level 10. HP: 104/104 MP: 10/10
  8275 | D:8      | Noticed a two-headed ogre
  8304 | D:8      | Killed a two-headed ogre
  8399 | D:9      | Noticed a two-headed ogre
  8436 | D:9      | Killed a two-headed ogre
  8436 | D:9      | Reached skill level 10 in Fighting
  8667 | D:9      | Noticed a centaur warrior
  8680 | D:9      | Killed a centaur warrior
  9121 | D:9      | Found a staircase to the Lair.
  9181 | D:9      | Found an ancient bone altar of Kikubaaqudgha.
  9610 | D:9      | Reached ** piety under Ashenzari
  9643 | D:10     | Entered Level 10 of the Dungeon
  9730 | D:10     | Noticed a white ugly thing
  9737 | D:10     | Killed a white ugly thing
 10088 | D:10     | Reached skill level 5 in Armour
 10263 | D:10     | Reached XP level 11. HP: 119/119 MP: 11/11
 10440 | D:10     | Found Ylivixom's Magic Scroll Emporium.
 10448 | D:10     | Bought a scroll of summoning for 142 gold pieces
 10448 | D:10     | Bought a scroll of teleportation for 45 gold pieces
 10448 | D:10     | Bought a scroll of teleportation for 45 gold pieces
 10448 | D:10     | Identified a scroll of acquirement
 10451 | D:10     | Acquired 620 gold pieces
 10469 | D:10     | Found a sparkling altar of Nemelex Xobeh.
 10906 | D:6      | Bought a potion of invisibility for 96 gold pieces
 10906 | D:6      | Bought 2 potions of stabbing for 96 gold pieces
 10906 | D:6      | Bought a potion of magic for 96 gold pieces
 10906 | D:6      | Bought a potion of flight for 36 gold pieces
 10906 | D:6      | Bought 2 potions of ambrosia for 192 gold pieces
 10906 | D:6      | Bought a potion of ambrosia for 96 gold pieces
 11168 | D:11     | Killed an unseen horror
 11635 | D:11     | Noticed Harold
 11653 | D:11     | Killed Harold
 11808 | D:11     | Reached skill level 11 in Throwing
 12330 | D:12     | Noticed Kirke
 12338 | D:12     | Noticed a harpy
 12338 | D:12     | Noticed a harpy
 12338 | D:12     | Noticed a harpy
 12341 | D:12     | Reached skill level 12 in Throwing
 12358 | D:12     | Noticed a two-headed ogre
 12378 | D:12     | Killed a two-headed ogre
 12822 | D:12     | Noticed Snorg
 12835 | D:12     | Killed Snorg
 12952 | D:12     | Found a staircase to the Orcish Mines.
 12978 | D:12     | Reached XP level 12. HP: 127/128 MP: 12/12
 13001 | D:12     | Reached skill level 13 in Throwing
 13716 | D:12     | Killed Kirke
 13782 | D:12     | Noticed Frances
 13856 | D:12     | Killed Frances
 13856 | D:12     | Reached skill level 14 in Throwing
 14073 | D:12     | Reached *** piety under Ashenzari
 14925 | Lair:1   | Entered Level 1 of the Lair of Beasts
 15010 | Lair:1   | Reached skill level 15 in Throwing
 15736 | Lair:1   | Noticed a five-headed hydra
 15740 | Lair:1   | Killed a five-headed hydra
 15825 | Lair:1   | Reached XP level 13. HP: 136/136 MP: 13/13
 15945 | Lair:1   | Found a transporter.
 15951 | Lair:1   | Found a bloodstained altar of Trog.
 15951 | Lair:1   | Noticed Utwiqean's ghost (journeyman DEIE)
 15951 | Lair:1   | Identified the +9 war axe of Eluolez {venom, rElec Str-2
                  | Dex+7}
 15961 | Lair:1   | Found a transporter.
 15961 | Lair:1   | Identified the +6 trident of Earthquakes {chaos, rPois
                  | Str+5}
 16046 | Lair:2   | Reached skill level 16 in Throwing
 16080 | Lair:2   | Learned a level 6 spell: Statue Form
 16086 | Lair:2   | Learned a level 5 spell: Irradiate
 16201 | Lair:2   | Reached **** piety under Ashenzari
 16415 | Lair:2   | Reached skill level 1 in Transmutations
 17010 | Lair:3   | Reached skill level 1 in Conjurations
 17237 | Lair:3   | Found a hole to the Spider Nest.
 17311 | Lair:4   | Identified the +6 scale mail of Insurance {rCorr Str+4}
 17458 | Lair:4   | Reached ***** piety under Ashenzari
 17463 | Lair:4   | Found a gate leading to a gauntlet.
 17472 | Gauntlet | Entered a Gauntlet
 17472 | Gauntlet | Found a transporter.
 17477 | Gauntlet | Found a transporter.
 17480 | Gauntlet | Found a transporter.
 17492 | Gauntlet | Found a transporter.
 17493 | Gauntlet | Found a transporter.
 17501 | Gauntlet | Found a transporter.
 17504 | Gauntlet | Found a transporter.
 17512 | Gauntlet | Found a transporter.
 17516 | Gauntlet | Found a transporter.
 17524 | Gauntlet | Found a transporter.
 17546 | Gauntlet | Found a transporter.
 17558 | Gauntlet | Found a transporter.
 17570 | Gauntlet | Found a transporter.
 17582 | Gauntlet | Found a transporter.
 17619 | Gauntlet | Reached skill level 5 in Transmutations
 17914 | Gauntlet | Noticed a minotaur
 17919 | Gauntlet | Killed a minotaur
 17924 | Gauntlet | Identified the cursed +1 scimitar "Yklidghewk" {antimagic,
                  | +Fly rF+ Int+7 Stlth-}
 18018 | Lair:5   | Reached XP level 14. HP: 144/144 MP: 18/18
 18697 | Lair:6   | Entered Level 6 of the Lair of Beasts
 18921 | Lair:6   | Learned a level 6 spell: Hydra Form
 18925 | Lair:6   | Found a dark tunnel.
 18990 | Volcano  | Entered a volcano
 19224 | Volcano  | Found a bloodstained altar of Trog.
 19535 | Volcano  | Reached skill level 10 in Transmutations
 19623 | Lair:6   | Reached skill level 1 in Unarmed Combat
 19862 | Lair:6   | Found a staircase to the Slime Pits.
 19862 | Lair:6   | Found a viscous altar of Jiyva.
 20253 | Lair:6   | Reached skill level 5 in Unarmed Combat
 21077 | Lair:6   | Reached XP level 15. HP: 147/152 MP: 19/19
 21580 | Orc:1    | Entered Level 1 of the Orcish Mines
 21606 | Orc:1    | Found a roughly hewn altar of Beogh.
 21752 | Orc:2    | Entered Level 2 of the Orcish Mines
 22011 | Orc:2    | Found a staircase to the Elven Halls.
 22280 | Orc:2    | Reached skill level 5 in Spellcasting
 22419 | Orc:2    | Gained mutation: Armour fits poorly on your strangely
                  | shaped body. [mutagenic glow]
 22433 | Orc:2    | Gained mutation: Your magical capacity is low. (-10% MP)
                  | [mutagenic glow]
 22446 | Orc:2    | Gained mutation: Scrolls take you a little longer to read.
                  | [mutagenic glow]
 22796 | Orc:2    | Found a roughly hewn altar of Beogh.
 22934 | Orc:2    | Found Gucaix's Jewellery Boutique.
 22937 | Orc:2    | Found Abastas's Assorted Antiques.
 22938 | Orc:2    | Found Pievodih's Antique Armour Boutique.
 22939 | Orc:2    | Found Basmin Rusch's Distillery.
 22943 | Orc:2    | Bought a scroll labeled WUOSESMOIDGHA for 33 gold pieces
 22946 | Orc:2    | Bought the ring "Noutavud" {rC+ AC+4} for 800 gold pieces
 22955 | Orc:2    | Bought a wand of digging (8) for 264 gold pieces
 22959 | Orc:2    | Bought a potion of ambrosia for 120 gold pieces
 22959 | Orc:2    | Bought a potion of mutation for 120 gold pieces
 22959 | Orc:2    | Bought a potion of curing for 45 gold pieces
 22959 | Orc:2    | Bought a potion of heal wounds for 75 gold pieces
 23293 | Lair:4   | Found a staircase to the Shoals.
 23311 | Shoals:1 | Entered Level 1 of the Shoals
 23672 | Shoals:2 | Found Nofocef's Magic Scroll Boutique.
 23712 | Shoals:2 | Bought a scroll of blinking for 82 gold pieces
 23712 | Shoals:2 | Bought a scroll of teleportation for 33 gold pieces
 23712 | Shoals:2 | Bought a scroll of magic mapping for 38 gold pieces
 23712 | Shoals:2 | Bought a scroll of fog for 22 gold pieces
 23712 | Shoals:2 | Bought a scroll of holy word for 82 gold pieces
 23712 | Shoals:2 | Bought a scroll of immolation for 38 gold pieces
 23712 | Shoals:2 | Bought a scroll of fear for 38 gold pieces
 23712 | Shoals:2 | Bought a scroll of holy word for 82 gold pieces
 24645 | Shoals:3 | Learned a level 7 spell: Dragon Form
 24687 | Shoals:4 | Entered Level 4 of the Shoals
 24704 | Shoals:4 | Gained mutation: Scrolls take you longer to read.
                  | [mutagenic glow]
 24711 | Shoals:4 | Gained mutation: Scrolls take you much longer to read.
                  | [mutagenic glow]
 24730 | Shoals:3 | Lost mutation: Scrolls take you much longer to read.
                  | [mutagenic glow]
 24744 | Shoals:3 | Gained mutation: You are robust. (+10% HP) [mutagenic glow]
 24791 | Shoals:3 | Lost mutation: Your magical capacity is low. (-10% MP)
                  | [potion of mutation]
 24791 | Shoals:3 | Lost mutation: You are robust. (+10% HP) [potion of
                  | mutation]
 24791 | Shoals:3 | Lost mutation: Scrolls take you longer to read. [potion of
                  | mutation]
 24791 | Shoals:3 | Lost mutation: Scrolls take you a little longer to read.
                  | [potion of mutation]
 24791 | Shoals:3 | Gained mutation: You expend magic power (3 MP) to
                  | strengthen your wands. [potion of mutation]
 25385 | Shoals:3 | Gained mutation: Your body sometimes deteriorates upon
                  | taking damage. [mutagenic glow]
 25609 | Shoals:4 | Reached XP level 16. HP: 141/161 MP: 18/29
 25968 | Shoals:4 | Identified Sif Muna's Grimoire of Enchanting Displacement
 25972 | Shoals:4 | Learned a level 1 spell: Apportation
 25979 | Shoals:4 | Learned a level 6 spell: Iron Shot
 25994 | Shoals:4 | Gained mutation: You are weak. (Str -2) [mutagenic glow]
 26037 | Shoals:4 | Gained mutation: You are resistant to hostile enchantments.
                  | (MR+) [mutagenic glow]
 26420 | Shoals:4 | Cast into level 2 of the Abyss (merfolk impaler)
 26420 | Abyss:2  | Found a roughly hewn altar of Beogh.
 26439 | Shoals:4 | Escaped the Abyss
 27039 | Shoals:4 | Got a barnacled rune of Zot
 27736 | Spider:1 | Entered Level 1 of the Spider Nest
 28228 | Spider:1 | Reached skill level 1 in Earth Magic
 28599 | Spider:2 | Reached XP level 17. HP: 169/169 MP: 30/30
 28811 | Spider:2 | Reached skill level 5 in Earth Magic
 28817 | Spider:2 | Noticed Arachne
 28828 | Spider:2 | Noticed Nikola
 28831 | Spider:2 | Killed Arachne
 28832 | Spider:2 | HP: 9/253 [Nikola/bolt of lightning (43)]
 28832 | Spider:2 | HP: 2/253 [jumping spider (7)]
 29270 | Spider:2 | Killed Nikola
 29484 | Spider:2 | Reached ****** piety under Ashenzari
 29705 | Spider:3 | HP: 15/379 [entropy weaver (4)]
 30465 | Spider:3 | Reached skill level 10 in Unarmed Combat
 31247 | Spider:4 | Entered Level 4 of the Spider Nest
 31761 | Spider:4 | HP: 4/169 [emperor scorpion (10)]
 31770 | Spider:4 | HP: 5/169 [emperor scorpion (9)]
 31772 | Spider:4 | Mangled by an emperor scorpion

Illustrated notes

Levels and vault maps discovered:
D:1:      minmay_arrival_pointy, layout_basic
D:2:      layout_rooms, nicolae_qazlal_style_of_elements, uniq_sigmund
D:3:      layout_basic
D:4:      layout_loops_ring, riverfiend_overflow_shadow_ancestor, minitemple
D:5:      layout_cave_pools, yredelemnul_forgotten_temple_becter,
          hangedman_abyss_or_decor_stagger
D:6:      layout_cave_pods, minmay_temple_entry_enclosed_plants, serial_shops,
          shop, nicolae_shop_statue_plus, okawaru_gym_becter
D:7:      layout_rooms, uniq_maggie
D:8:      layout_basic, serial_park_tiny_pond, uniq_erica
D:9:      layout_long_grid, lemuel_coloured_pillars_altar, lair_entry_dummy,
          minmay_microvault
D:10:     layout_cave_pods, serial_shops, shop, basic_altar
D:11:     layout_loops_corners, kennysheep_nondescript, st_stairs_12,
          uniq_harold
D:12:     layout_irregular_city, david_orc_3, serial_bayou,
          serial_bayou_shore_a, serial_bayou_lagoon_a, serial_bayou_pond_b,
          serial_bayou_pond_e, uniq_kirke, uniq_frances, uniq_snorg
Lair:1:   layout_gridlike, gammafunk_ghost_wrathful_warriors, minivault_25,
          grunt_megastairs_5, serial_bayou_shore_b
Lair:2:   layout_chaotic_city, grunt_megastairs_4, minmay_lair_oklob_chamber
Lair:3:   layout_misc_corridors, spider_nest_entry_funnel_web, st_stairs_10,
          infiniplex_staircase_pool, lemuel_fruit_tree
Lair:4:   layout_big_grid, elwin_shoals_entry_rooms, gauntlet_entry_generic
Lair:5:   layout_loops_ring
Lair:6:   hangedman_lair_caniforms_friends, layout_misc_corridors,
          guppyfry_lair_end_dragon, slime_altar_1,
          nicolae_volcano_entry_lava_flow
Shoals:1: cheibrodos_shoals_satyrical_garden, layout_shoals
Shoals:2: layout_shoals, serial_shops, nicolae_shop_waterfront, uniq_polyphemus
Shoals:3: layout_shoals
Shoals:4: shoals_end_grunt_ice, layout_shoals, abandoned_shop
Spider:1: layout_spider_delve
Spider:2: layout_spider_delve, uniq_arachne, uniq_nikola
Spider:3: layout_spider_delve
Spider:4: grunt_spider_rune_parallel, nicolae_looking_at_the_future
Orc:1:    layout_caves, basic_altar
Orc:2:    st_orc_pillars, layout_caves, minmay_orc_temple_b

Skill      XL: |  1  2  3  4  5  6  7  8  9 10 11 12 13 14 15 16 17 |
---------------+----------------------------------------------------+-----
Throwing       | 6 7 8 9 10 12 15 16 | 16.3
Dodging        | 5 |  5.5
Fighting       | 3 7 10 | 10.9
Evocations     | 5 |  5.0
Armour         | 5 6 |  6.4
Spellcasting   | 3 9 |  9.4
Transmutations | 7 10 14 | 14.2
Conjurations   | 3 |  3.9
Unarmed Combat | 7 9 11 | 11.6
Earth Magic    | 3 8 |  8.2
Stealth        | |  0.6

Action                   |  1- 3 |  4- 6 |  7- 9 | 10-12 | 13-15 | 16-18 || total
-------------------------+-------+-------+-------+-------+-------+-------++-------
Melee: Short sword       |    70 |       |       |       |       |       ||    70
       Scythe            |       |     8 |    64 |    73 |       |       ||   145
       Dagger            |       |     4 |    87 |     2 |       |       ||    93
       Scimitar          |       |       |       |    42 |       |       ||    42
       Unarmed           |       |       |       |       |    60 |   350 ||   410
       Bite              |       |       |       |       |     5 |    45 ||    50
       Tailslap          |       |       |       |       |     4 |    51 ||    55
       Punch             |       |       |       |       |     1 |    22 ||    23
       Fustibalus        |       |       |       |       |       |     7 ||     7
 Fire: Hunting sling     |       |   110 |    23 |    14 |       |       ||   147
       Fustibalus        |       |       |       |   167 |   726 |   192 ||  1085
Throw: Large rock        |    15 |       |    28 |    24 |    53 |    23 ||   143
       Dart              |    53 |    54 |    26 |    44 |     2 |       ||   179
       Throwing net      |     1 |       |     3 |     2 |     1 |       ||     7
       Javelin           |       |     2 |    26 |   109 |   222 |    61 ||   420
       Boomerang         |       |       |    11 |       |   173 |     4 ||   188
 Cast: Hydra Form        |       |       |       |       |     6 |     1 ||     7
       Dragon Form       |       |       |       |       |     3 |    25 ||    28
       Irradiate         |       |       |       |       |     3 |     3 ||     6
       Statue Form       |       |       |       |       |       |     9 ||     9
       Apportation       |       |       |       |       |       |     2 ||     2
Invok: Curse Item        |       |       |     1 |     2 |     2 |       ||     5
       Scrying           |       |       |       |       |     1 |     2 ||     3
 Abil: End Transformatio |       |       |       |       |     1 |     1 ||     2
       Breathe Fire      |       |       |       |       |       |    11 ||    11
Evoke: Wand              |       |       |       |    14 |     5 |     6 ||    25
       Lightning rod     |       |       |       |       |     3 |     7 ||    10
  Use: Potion            |     2 |       |       |     5 |     6 |     9 ||    22
       Scroll            |       |     4 |     4 |    15 |    20 |     7 ||    50
 Stab: Distracted        |       |       |       |       |       |     1 ||     1
       Invisible         |       |       |       |       |       |     1 ||     1
Armor: Robe              |    11 |     4 |    48 |       |       |       ||    63
       Skin              |     1 |       |       |     1 |    19 |   490 ||   511
       Swamp dragon scal |       |       |    26 |   149 |   212 |    49 ||   436
Dodge: Dodged            |    40 |    28 |   123 |   172 |   249 |   331 ||   943
Block: Other             |       |       |       |     4 |   116 |   184 ||   304
       Reflection        |       |       |       |       |     8 |     7 ||    15
       Rpst.: Scimitar   |       |       |       |     4 |       |       ||     4

Table legend: (Time is in decaauts)
 A = Elapsed time spent in this place.
 B = Non-inter-level travel time spent in this place.
 C = Inter-level travel time spent in this place.
 D = Time resting spent in this place.
 E = Time spent auto-exploring this place.
 F = Levels seen in this place.
 G = Mean time per level.
                   A        B        C        D        E       F      G
               +--------+--------+--------+--------+--------+-----+--------+
         Total |  32123 |  30853 |   1270 |   5638 |  17328 |  31 | 1036.2 |
       Dungeon |  15291 |  14498 |    793 |   1350 |  10462 |  12 | 1274.2 |
          Lair |   5915 |   5609 |    306 |    165 |   3795 |   6 |  985.8 |
        Shoals |   4255 |   4207 |     48 |   2458 |    116 |   4 | 1063.8 |
   Spider Nest |   4168 |   4146 |     22 |   1220 |   2046 |   4 | 1042.0 |
  Orcish Mines |   1430 |   1329 |    101 |      5 |    907 |   2 |  715.0 |
         Abyss |     18 |     18 |      0 |     11 |      0 |   1 |   18.0 |
       Volcano |    583 |    583 |      0 |    203 |      0 |   1 |  583.0 |
      Gauntlet |    460 |    460 |      0 |    226 |      0 |   1 |  460.0 |
               +--------+--------+--------+--------+--------+-----+--------+

Top non-repeatable levels by time:
    D:12: 2680 daAuts
  Lair:6: 2148 daAuts
Shoals:4: 1691 daAuts
Spider:3: 1663 daAuts
     D:4: 1464 daAuts
     D:9: 1402 daAuts
Shoals:3: 1399 daAuts
    D:11: 1389 daAuts
   Orc:2: 1254 daAuts
    D:10: 1250 daAuts
Spider:1: 1237 daAuts
     D:1: 1182 daAuts
  Lair:1: 1140 daAuts
     D:2: 1130 daAuts
     D:6: 1098 daAuts
